 Dungeon Crawl Stone Soup version 0.24.1-14-gf8d2b509d9 (webtiles) character file.

Game seed: 14503877628199796078, levelgen mode: deterministic

75 Froggeryz the Insei (level 4, -3/29 HPs)
             Began as an Octopode Transmuter on Nov 8, 2022.
             Slain by a hippogriff (9 damage)
             ... on level 2 of the Dungeon.
             The game lasted 00:01:05 (1612 turns).

Froggeryz the Insei (Octopode Transmuter)           Turns: 1612, Time: 00:01:05

Health: -3/29      AC:  2    Str:  9    XL:     4   Next: 31%
Magic:  7/7        EV: 13    Int: 15    God:
Gold:   71         SH:  0    Dex: 13    Spells: 6/7 levels left

rFire    . . .     SeeInvis .     - Unarmed
rCold    . . .     Gourm    .   (no shield)
rNeg     . . .     Faith    .   (helmet restricted)
rPois    .         Spirit   .   (no amulet)
rElec    .         Reflect  .   (no ring)
rCorr    .         Harm     .   o - +1 ring of protection
MR       .....                  (no ring)
Stlth    +++.......             (no ring)
HPRegen  0.09/turn              (no ring)
MPRegen  0.10/turn              (no ring)
                                (no ring)
                                (no ring)

@: no status effects
A: almost no armour, stealthy swim, amphibious, 8 rings, constrict 8, camouflage
1, gelatinous body 1
a: no special abilities


You were on level 2 of the Dungeon.
You were not hungry.

You visited 1 branch of the dungeon, and saw 2 of its levels.

You collected 71 gold pieces.

Inventory:

Missiles
 a - 12 arrows
 k - 5 javelins (quivered)
Jewellery
 o - a +1 ring of protection (right tentacle)
 p - an uncursed ring of ice
Scrolls
 d - a scroll of identify {unknown}
 f - 2 scrolls of random uselessness {unknown}
 g - 2 scrolls of teleportation {unknown}
 i - a scroll of fear {unknown}
 j - a scroll of enchant weapon {unknown}
 l - a scroll of remove curse {unknown}
 n - a scroll of magic mapping {unknown}
Potions
 b - a potion of lignification {unknown}
 e - a potion of berserk rage {unknown}
 h - a potion of curing
 m - a potion of haste {unknown}
Comestibles
 c - 3 rations
 q - 2 chunks of flesh


   Skills:
 + Level 2.0 Fighting
 - Level 2.0 Dodging
 + Level 1.0 Stealth
 * Level 4.0 Unarmed Combat
 - Level 2.0 Spellcasting
 + Level 2.7 Transmutations


You had 6 spell levels left.
You knew the following spells:

 Your Spells              Type           Power        Failure   Level  Hunger
a - Beastly Appendage     Tmut           #.....       7%          1    #......

Your spell library contained the following spells:

 Spells                   Type           Power        Failure   Level  Hunger
 Sticks to Snakes         Tmut           #.......     11%         2    ###....
 Spider Form              Tmut/Pois      #.........   36%         3    ###....
 Ice Form                 Ice/Tmut       #.......     77%         4    #####..
 Blade Hands              Tmut           #.........   89%         5    ######.


Dungeon Overview and Level Annotations

Branches:
Dungeon (2/15)

Altars:


Innate Abilities, Weirdness & Mutations

You cannot wear most types of armour.
You are very stealthy in the water. (Stealth+)
You are amphibious.
You can wear up to eight rings at the same time.
You can use your tentacles to constrict eight enemies at once.
Your skin changes colour to match your surroundings (Stealth+).
Your rubbery body absorbs attacks. (AC +1, EV +1)


Message History

c - 3 rations (gained 1)
You see here a giant cockroach corpse.
There is an open door here.
There is an open door here.
There is an open door here.
A hippogriff comes into view.
The hippogriff screeches!
A hippogriff is nearby!
A hippogriff is nearby!
You aren't carrying any items that you can evoke.
It was a potion of curing.
You feel better.
You tentacle-slap the hippogriff but do no damage.
Your squeeze misses the hippogriff. The hippogriff bites you!
The hippogriff pecks you! The hippogriff barely misses you.
You tentacle-slap the hippogriff.
The hippogriff is lightly wounded.
The hippogriff bites you.
* * * LOW HITPOINT WARNING * * *
The hippogriff pecks you!
You die...

..# #.# #.# #####.#####
#.# #.^......†# ..#
#.........# ###
#.........# ##
#.........# .##
#.........# .#.
..###.........#####.....
..'.............@H......
..###.........######...#
.####.........# #
####...##.##### #
#.###.#.# #.# #...#
#.###†### ##...## ##.##


You could see a hippogriff.

Vanquished Creatures
  A worker ant (D:2)
  An adder (D:2)
  3 leopard geckos (D:1)
  3 bats (D:1)
  3 giant cockroaches (D:2)
  3 hobgoblins
  5 kobolds (D:1)
  A quokka (D:2)
  A ball python (D:1)
  2 frilled lizards (D:2)
  8 goblins
  7 rats
38 creatures vanquished.

Notes
Turn   | Place    | Note
-------+----------+-------------------------------------------
     0 | D:1      | Froggeryz the Octopode Transmuter began the quest for the
                  | Orb.
     0 | D:1      | Reached XP level 1. HP: 13/13 MP: 3/3
   285 | D:1      | Reached XP level 2. HP: 17/18 MP: 5/5
   886 | D:1      | Reached XP level 3. HP: 23/23 MP: 6/6
  1461 | D:2      | Reached skill level 4 in Unarmed Combat
  1461 | D:2      | Reached XP level 4. HP: 29/29 MP: 7/7
  1521 | D:2      | Reached skill level 1 in Stealth
  1607 | D:2      | Noticed a hippogriff
  1612 | D:2      | Slain by a hippogriff

Levels and vault maps discovered:
D:1:      giann_bridges, layout_loops_cross, hex_tiny
D:2:      layout_loops_corners

Skill      XL: |  1  2  3  4 |
---------------+-------------+-----
Unarmed Combat | 4 |  4.0
Fighting       | 2 |  2.0
Stealth        | 1 |  1.0
Dodging        | |  2.0
Spellcasting   | |  2.0
Transmutations | |  2.7

Action                   |  1- 3 |  4- 6 || total
-------------------------+-------+-------++-------
Melee: Unarmed           |    70 |    12 ||    82
       Tentacles         |    10 |     2 ||    12
       Constrict         |    19 |     2 ||    21
       Punch             |     1 |     1 ||     2
  Use: Potion            |       |     1 ||     1
 Stab: Sleeping          |     5 |     1 ||     6
  Eat: Chunk             |     1 |     1 ||     2
Armor: Skin              |     3 |     1 ||     4
Dodge: Dodged            |    34 |     5 ||    39
